Map: Dusk Towers

Players

Raguel

  • Race: Zerg Zerg
  • League: Diamond

Kaldi - Winner!

  • Race: Zerg Zerg
  • League: Master

VOD

Have the link to the VOD?

Description

Time

  • Played on: May 2, 2016, 3:31 p.m.
  • Length: 13:27
Show
View Real Time Build Order
Export as new Build Order

Raguel Zerg 

Build Orders: Hatch First 

Get SALT Encoding   

  12  0:01  Drone  
  13  0:12  Overlord  
  13  0:17  Drone  
  14  0:31  Drone x2  
  14  0:35  Drone  
  17  0:55  Hatchery  
  16  1:00  Drone  
  17  1:13  Drone, Spawning Pool  
  17  1:18  Extractor  
  16  1:26  Drone x2  
  18  1:34  Drone  
  19  1:45  Overlord  
  19  1:51  Drone  
  20  2:07  Zergling x2, Queen x2  
  25  2:08  Zergling x2  
  26  2:19  Drone x2  
  26  2:21  Metabolic Boost  
  28  2:37  Drone x2  
  28  2:38  Drone  
  28  2:43  Queen  
  33  2:44  Baneling Nest  
  32  2:53  Drone x3  
  32  2:55  Overlord  
  34  3:19  Drone  
  35  3:20  Drone x3  
  35  3:21  Hatchery  
  35  3:22  Zergling x2  
  38  3:31  Baneling x2  
  38  3:42  Baneling  
  38  3:43  Baneling  
  38  3:45  Overlord x2  
  38  4:00  Drone x6  
  44  4:04  Extractor  
  44  4:05  Extractor  
  42  4:11  Roach Warren, Drone x3  
  44  4:30  Drone x4  
  44  4:31  Drone  
  49  4:44  Overlord x4  
  49  4:53  Roach x4  
  57  5:02  Roach  
  57  5:03  Roach x5  
  69  5:08  Roach x3  
  75  5:18  Roach x4  
  75  5:19  Roach  
  85  5:28  Roach x2  
  89  5:29  Zergling x2  
  90  5:43  Overlord x4  
  90  5:46  Spore Crawler x2  
  88  5:50  Roach  
  90  6:03  Zergling x18  
  94  6:25  Zergling x2  
  94  6:26  Zergling x24  
  101  6:38  Spore Crawler  
  94  6:43  Lair  
  94  6:44  Queen x2  
  92  6:48  Extractor  
  77  7:02  Drone x4  
  73  7:17  Drone x5  
  73  7:19  Queen x2  
  78  7:26  Evolution Chamber  
  75  7:34  Baneling x2  
  75  7:35  Baneling x2  
  75  7:42  Spore Crawler  
  74  7:45  Nydus Network  
  74  7:46  Roach  
  74  7:47  Roach x4  
  81  7:55  Queen  
  83  8:02  Roach  
  83  8:03  Roach x5  
  88  8:15  Roach x3  
  88  8:16  Roach x3  
  96  8:24  Roach x3  
  102  8:48  Nydus Canal  
  102  8:57  Roach x6  
  110  9:17  Roach x4  
  103  9:28  Roach x8  
  78  10:00  Spore Crawler  
  78  10:03  Spore Crawler  
  64  10:23  Zergling x2  
  64  10:24  Zergling x16  
  71  10:37  Queen x2  
  53  11:21  Pneumatized Carapace  
  53  11:30  Overlord x2  
  51  12:04  Queen  
  53  12:08  Hydralisk Den  
  53  12:10  Drone  
  53  12:11  Drone x2  
  51  12:39  Queen  
  51  12:42  Hatchery  
  49  12:57  Spore Crawler  
Show
View Real Time Build Order
Export as new Build Order

Kaldi Zerg - Winner!

Build Orders: Hatch First 

Get SALT Encoding   

  12  0:01  Drone  
  13  0:13  Overlord  
  13  0:23  Drone  
  14  0:31  Drone x2  
  17  0:35  Drone  
  17  0:54  Hatchery  
  16  0:58  Drone  
  17  1:10  Spawning Pool  
  16  1:12  Drone  
  16  1:15  Drone  
  18  1:22  Overlord  
  18  1:29  Drone  
  19  1:42  Drone  
  20  1:55  Drone  
  20  1:57  Queen  
  23  2:03  Zergling x2  
  23  2:06  Queen  
  26  2:09  Drone  
  27  2:16  Drone  
  27  2:21  Extractor  
  27  2:26  Drone x2  
  30  2:30  Drone  
  30  2:32  Queen  
  30  2:33  Zergling x2  
  33  2:42  Queen  
  33  2:43  Drone  
  36  2:49  Overlord  
  36  2:57  Evolution Chamber  
  35  3:05  Drone, Overlord  
  36  3:09  Drone x4  
  39  3:18  Drone x4  
  43  3:22  Spine Crawler  
  43  3:23  Drone  
  43  3:28  Drone  
  44  3:37  Drone x2  
  44  3:39  Lair  
  44  3:40  Extractor  
  45  3:42  Overlord  
  45  3:44  Drone x2  
  47  3:50  Drone x2  
  47  3:54  Extractor  
  49  3:55  Drone x2  
  49  3:56  Drone x2  
  49  3:57  Extractor  
  51  4:03  Overlord  
  51  4:15  Metabolic Boost  
  51  4:17  Drone x4  
  55  4:24  Drone  
  55  4:25  Drone  
  55  4:26  Drone, Hatchery  
  55  4:27  Drone x2  
  55  4:30  Drone  
  60  4:36  Overlord  
  60  4:39  Spire  
  59  4:48  Overseer  
  59  4:53  Drone x5  
  59  4:54  Drone  
  59  4:59  Overlord  
  65  5:23  Roach Warren  
  64  5:30  Overlord  
  64  5:40  Queen  
  66  5:51  Zergling x2  
  66  5:52  Zergling x6  
  66  5:53  Mutalisk  
  66  5:54  Mutalisk x6  
  84  6:02  Mutalisk  
  76  6:29  Zergling x16  
  76  6:30  Zergling x2  
  79  6:43  Mutalisk x2  
  70  7:10  Zergling x8  
  68  7:18  Drone x2, Queen  
  68  7:19  Queen  
  69  7:25  Drone x2  
  66  7:33  Roach x6  
  78  7:43  Mutalisk x2  
  82  7:55  Roach x3  
  88  8:03  Zergling x10  
  89  8:06  Extractor  
  89  8:08  Extractor  
  83  8:15  Drone x4  
  87  8:26  Zergling x4  
  89  8:33  Overlord x4  
  85  8:55  Drone x6  
  86  8:56  Drone x3  
  86  8:57  Zerg Missile Weapons Level 1, Queen  
  100  9:06  Zergling x4  
  80  9:23  Zergling x10  
  82  9:31  Zergling x2  
  82  9:32  Zergling x2  
  82  9:33  Zergling x2  
  82  9:34  Zergling x4  
  81  9:51  Mutalisk  
  76  9:53  Drone x3  
  64  10:04  Zergling x2  
  64  10:05  Zergling x8  
  64  10:13  Zergling x8  
  63  10:27  Zergling x2  
  63  10:28  Zergling x2  
  61  10:44  Zergling x6  
  61  11:00  Zergling x4  
  60  11:13  Hatchery  
  59  11:30  Mutalisk x2  
  63  11:33  Zergling x6  
  63  11:37  Hatchery  
  63  11:48  Roach  
  65  12:00  Roach  
  67  12:21  Roach x5  
  77  12:32  Hatchery  
  76  12:39  Roach  
  76  12:48  Roach  
  78  12:52  Hatchery  
  78  12:54  Roach x2  
  83  13:03  Roach  
  83  13:04  Roach x3  
  91  13:08  Hatchery  
Tags
 
Add a new tag
Caveats
  • Supply blocks, unpowered buildings, or Contaminate may cause inaccurate times.
  • Supply counts are checked every 10 seconds.